 Dungeon Crawl Stone Soup version 0.29.1-1-gd02db6906a (webtiles) character file.

Game seed: 10154071446791559141

37 croobank the Caller (level 3, 0/14 HPs)
             Began as a Felid Summoner on Sept 25, 2022.
             Slain by Terence
             ... wielding a +2 trident of protection
              (9 damage)
             ... on level 2 of the Dungeon.
             The game lasted 00:05:08 (1695 turns).

croobank the Caller (Felid Summoner)                Turns: 1695, Time: 00:05:08

Health: 0/14       AC:  1    Str:  4    XL:     3   Next: 23%
Magic:  1/7        EV: 18    Int: 18    God:
Gold:   84         SH:  0    Dex: 16    Spells: 0/6 levels left
                                        Lives:  0   Deaths: 0

rFire   . . .      SeeInvis +   (weapon unavailable)
rCold   + . .      Faith    .   (shield unavailable)
rNeg    . . .      Spirit   .   (body armour unavailable)
rPois   .          Reflect  .   (helmet unavailable)
rElec   .          Harm     .   (cloak unavailable)
rCorr   .          Rampage  .   (gloves unavailable)
Will    .....                   (boots unavailable)
Stlth   +++.......              (no amulet)
HPRegen 0.04/turn               d - ring of protection from cold
MPRegen 0.10/turn               (no ring)

@: quick
A: very small, claws 1, fangs 3, see invisible, speed 1, shaggy fur 1, stealthy
paws, no weapons or thrown items, no armour, multi-lived
a: no special abilities


You were on level 2 of the Dungeon.
You visited 1 branch of the dungeon, and saw 2 of its levels.

You collected 84 gold pieces.

Inventory:

Jewellery
 d - a ring of protection from cold (left paw)
Scrolls
 b - 4 scrolls of identify {unknown}
 c - a scroll of enchant armour {unknown}
 e - a scroll of fear {unknown}
 f - a scroll of teleportation {unknown}
Potions
 a - a potion of magic
 g - 2 potions of curing {unknown}
 h - a potion of mutation {unknown}


   Skills:
 + Level 3.3 Dodging
 + Level 3.5 Stealth
 + Level 2.4 Spellcasting
 + Level 4.2 Summonings


You couldn't memorise any spells.
You knew the following spells:

 Your Spells              Type           Power      Damage    Failure   Level
a - Summon Small Mammal   Summ           68%        N/A       3%          1
b - Call Imp              Summ           17%        N/A       4%          2
c - Call Canine Familiar  Summ           17%        N/A       9%          3

Your spell library contained the following spells:

 Spells                   Type           Power      Damage    Failure   Level
 Summon Guardian Golem    Hex/Summ       9%         N/A       22%         3
 Summon Lightning Spire   Summ/Air       9%         N/A       56%         4


Dungeon Overview and Level Annotations

Branches:
Dungeon (2/15)

Altars:

Annotations:
D:2 Terence


Innate Abilities, Weirdness & Mutations

You have sharp claws.
You have razor-sharp teeth.
You have supernaturally acute eyesight. (SInv)
You cover ground quickly. (Speed+)
You are covered in fur. (AC +1)
Your paws help you pounce on unaware monsters.
You are incapable of wielding weapons or throwing items.
You cannot wear armour.
You gain extra lives every three experience levels.


Message History

Orders for allies: a - Attack new target. p - Attack previous target. r - Retreat! s - Stop attacking. g - Guard the area. f - Follow me.
Anything else - Cancel.
Gang up on whom?
Press: ? - help, Dir - move target, f/p - Terence
Aim: Terence, wielding a +2 trident of protection and wearing a +1 scale mail of fire resistance (moderately wounded, ally target) Attack!
Terence hits your hound with a +2 trident of protection!
Your hound closely misses Terence.
Your hound barely misses Terence.
Terence hits your hound with a +2 trident of protection!
Your hound dies!
Your hound's corpse disappears in a puff of smoke!
Terence is nearby!
There is a stone staircase leading up here.
You climb upwards.
There is a stone staircase leading down here.
You start resting.
Magic restored.
Okay, then.
You climb downwards.
Level annotation: Terence
There is a stone staircase leading up here.
Casting: Call Canine Familiar (astonishingly dangerous; 9% risk of failure)
Confirm with . or Enter, or press ? or * to list all spells.
Terence hits you from afar with a +2 trident of protection.
Your hound bites Terence but does no damage.
Casting: Call Canine Familiar (astonishingly dangerous; 9% risk of failure)
Confirm with . or Enter, or press ? or * to list all spells.
A beastly little devil appears in a puff of frigid air.
Your hound barely misses Terence.
Terence misses you.
Your hound bites Terence.
Your white imp hits Terence but does no damage.
Casting: Call Imp (safe; 4% risk of failure)
Confirm with . or Enter, or press ? or * to list all spells.
Your hound barely misses Terence.
Terence hits you from afar with a +2 trident of protection!
Ouch! That really hurt!
You die...

##### ##... #...# #
#...# #.## #...# .
... #r..# . .
#####.##...# .# ...
....._.@..## .##...
########.#####.#....
.......<@h..........
#.#####5#.###.......
#.#..........#...#
#.#.#.#.......#..#
#.#.##....##...#...
##.#.............#
#..........##รท##..#


You could see Terence (ally target), a friendly hound (summoned), a friendly
white imp (summoned) and a friendly quokka (summoned).

Vanquished Creatures
  An endoplasm (D:1)
  A hobgoblin (D:1)
  A bat (D:1)
3 creatures vanquished.

Vanquished Creatures (collateral kills)
  An adder (D:2)
  A worm (D:2)
  A dart slug (D:2)
  3 ball pythons
  5 bats (D:1)
  An endoplasm (D:1)
  A goblin (D:1)
  A hobgoblin (D:1)
  3 frilled lizards
  A kobold (D:1)
  3 rats
21 creatures vanquished.

Grand Total: 24 creatures vanquished

Notes
Turn   | Place    | Note
-------+----------+-------------------------------------------
     0 | D:1      | croobank the Felid Summoner began the quest for the Orb.
     0 | D:1      | Reached XP level 1. HP: 7/7 MP: 4/4
   503 | D:1      | Reached XP level 2. HP: 11/11 MP: 1/6
   506 | D:1      | Learned a level 2 spell: Call Imp
  1293 | D:2      | Found a faded altar of an unknown god.
  1542 | D:2      | Reached XP level 3. HP: 14/14 MP: 2/7
  1546 | D:2      | Learned a level 3 spell: Call Canine Familiar
  1605 | D:2      | Noticed Terence
  1695 | D:2      | Slain by Terence

Illustrated notes

Levels and vault maps discovered:
D:1:      ebering_trefoil_twist, layout_basic,
          nicolae_concentric_dashed_squares_wild, minmay_statues_item,
          minmay_cupped
D:2:      layout_basic, basic_ecumenical_altar, minivault_26, uniq_sigmund,
          uniq_terence, uniq_jessica, uniq_natasha

Skill      XL: |  1 |
---------------+----+-----
Stealth        | 3 |  3.5
Dodging        | 3 |  3.3
Spellcasting   | |  2.4
Summonings     | |  4.2

Action                   || total
-------------------------++-------
Melee: Unarmed           ||    14
       Bite              ||     3
 Cast: Summon Small Mamm ||    46
       Call Imp          ||     9
       Call Canine Famil ||     4
Armor: Skin              ||     4
Dodge: Dodged            ||    29
